 Dungeon Crawl Stone Soup version 0.22-a0-196-gee22f27 (webtiles) character file.

39 vishdafish the Slasher (level 3, 11/28 HPs)
             Began as a Demonspawn Gladiator on Feb 17, 2018.
             Quit the game on level 2 of the Dungeon.
             The game lasted 00:01:15 (1333 turns).

vishdafish the Slasher (Demonspawn Gladiator)       Turns: 1333, Time: 00:01:16

Health: 11/28      AC:  4    Str: 14    XL:     3   Next: 26%
Magic:  3/3        EV: 13    Int: 10    God:
Gold:   71         SH:  0    Dex: 14    Spells: 2/2 levels left

rFire    . . .     SeeInvis .   a - +0 long sword
rCold    + . .     Gourm    .   (no shield)
rNeg     . . .     Faith    .   b - +0 leather armour
rPois    .         Spirit   .   c - +0 helmet
rElec    .         Reflect  .   (no cloak)
rCorr    .         Harm     .   (no gloves)
MR       .....                  (no boots)
Stlth    +.........             (no amulet)
HPRegen  0.09/turn              (no ring)
MPRegen  0.08/turn              (no ring)

@: no status effects
A: cold resistance 1, demonic guardian 1
a: no special abilities


You were on level 2 of the Dungeon.
You were not hungry.

You visited 1 branch of the dungeon, and saw 2 of its levels.

You collected 71 gold pieces.

Inventory:

Hand Weapons
 a - a +0 long sword (weapon)
Missiles
 d - 2 throwing nets (quivered)
Armour
 b - a +0 leather armour (worn)
 c - a +0 helmet (worn)
Scrolls
 h - a scroll of immolation {unknown}
 i - a scroll of blinking {unknown}
 k - a scroll of identify {unknown}
 m - a scroll of enchant armour {unknown}
Potions
 e - a potion of heal wounds {unknown}
 g - a potion of lignification {unknown}
 j - a potion of flight {unknown}
 l - a potion of brilliance {unknown}
Comestibles
 f - 2 rations


   Skills:
 + Level 2.4 Fighting
 * Level 3.3 Long Blades
 + Level 2.1 Throwing
 + Level 3.0 Dodging


You had 2 spell levels left.
You didn't know any spells.

Dungeon Overview and Level Annotations

Branches:
Dungeon (2/15)

Altars:


Innate Abilities, Weirdness & Mutations

Your flesh is cold resistant. (rC+)
A weak demonic guardian rushes to your aid.


Message History

You hit the worm but do no damage.
The worm is heavily wounded.
The rat closely misses you. The worm bites you.
You are too injured to fight recklessly!
You are too injured to fight recklessly!
You are too injured to fight recklessly!
You are too injured to fight recklessly!
You are too injured to fight recklessly!
The bat hits you. The bat closely misses you. x2
The bat closely misses you. The bat hits you but does no damage.
The bat barely misses you. The bat misses you.
You riposte.
You hit the bat.
You kill the bat!
The rat misses you.
You riposte.
You hit the rat.
You kill the rat!
You see here a bat corpse.
You aren't carrying any items that you can evoke.
Are you sure you want to abandon this character and quit the game? (Confirm with "yes".)

.........#####...........#
#.
........w...##(#.........#
#.
.........##w##.#...#.....#
#.
#...#######.##.##.##.....#
#. #...#
###.##..(..).##### #.
#...# #...w(.##.#### #<
..... #.#.##.##.########
#. #...#
#.#..............# #. #..#
# ####.#@.######.# #.
#.#<....# #.#######.
..#.###.###.........
####.# #.(...######## #.#
#####.# #.# #.# #.# #.#
#.. ..# ### ###


You could see a worm.

Vanquished Creatures
  An adder (D:2)
  A dart slug (D:1)
  2 bats
  A giant cockroach (D:1)
  3 goblins (D:1)
  5 hobgoblins (D:1)
  5 kobolds
  A quokka (D:2)
  A frilled lizard (D:1)
  6 rats
26 creatures vanquished.

Notes
Turn   | Place    | Note
-------+----------+-------------------------------------------
     0 | D:1      | vishdafish the Demonspawn Gladiator began the quest for the Orb.
     0 | D:1      | Reached XP level 1. HP: 16/16 MP: 1/1
   422 | D:1      | Gained mutation: Your flesh is cold resistant. (rC+) [demonic ancestry]
   422 | D:1      | Reached XP level 2. HP: 22/22 MP: 2/2
  1201 | D:2      | Gained mutation: A weak demonic guardian rushes to your aid. [demonic ancestry]
  1201 | D:2      | Reached XP level 3. HP: 26/28 MP: 3/3
  1333 | D:2      | Quit the game

Vault maps used:
D:1:      dpeg_arrival_pond, serial_park_tiny_2
D:2:      lemuel_upstairs_altar

Skill      XL: |  1  2 |
---------------+-------+-----
Long Blades    | 3 |  3.3
Throwing       | 2 |  2.1
Dodging        | 3 |  3.0
Fighting       | |  2.4

Action                   || total
-------------------------++-------
Melee: Long sword        ||    65
Throw: Throwing net      ||     1
 Stab: Held in net/web   ||     1
  Eat: Chunk             ||     1
Armor: Leather armour    ||    20
Dodge: Dodged            ||    41
       Rpst.: Long sword ||     7

Table legend:
 A = Spawn XP
 B = Non-spawn XP
 C = Spawn XP percentage of total XP
 D = Spawn monster count
 E = Non-spawn monster count
 F = Spawn count percentage of total count
 G = Total turns spent on level
                    A         B        C        D         E        F      G
               +---------+---------+-------+---------+---------+-------+---------
         Total |       0 |      56 |   0.0 |       0 |      26 |   0.0 |  1333
               +---------+---------+-------+---------+---------+-------+---------
           D:1 |       0 |      35 |   0.0 |       0 |      19 |   0.0 |  1128
           D:2 |       0 |      21 |   0.0 |       0 |       7 |   0.0 |   205
               +---------+---------+-------+---------+---------+-------+---------
